 Dungeon Crawl Stone Soup version 0.24.0-35-gdb84b6a5db (webtiles) character file.

Game seed: 4486335053221443068, levelgen mode: deterministic

64196 Delamore the Executioner (level 15, -2/135 HPs)
             Began as a Hill Orc Fighter on Nov 17, 2019.
             Was the Champion of Makhleb.
             Slain by a minotaur
             ... wielding a +0 morningstar of crushing
              (7 damage)
             ... in a Gauntlet.
             The game lasted 01:04:21 (20274 turns).

Delamore the Executioner (Hill Orc Fighter)        Turns: 20274, Time: 01:04:22

Health: -2/135     AC: 19    Str: 26    XL:     15   Next: 12%
Magic:  22/22      EV: 13    Int:  8    God:    Makhleb [******]
Gold:   363        SH:  0    Dex: 10    Spells: 14/14 levels left

rFire    . . .     SeeInvis .   k - +6 executioner's axe of Inquiry {elec, *Drain rElec rC++}
rCold    + + +     Gourm    .   (shield currently unavailable)
rNeg     + . .     Faith    .   c - +0 plate armour {rN+}
rPois    .         Spirit   .   Y - +1 hat
rElec    +         Reflect  .   U - scarf {cloud immunity}
rCorr    .         Harm     .   w - +0 pair of gloves
MR       ++...     NoTele   +   (no boots)
Stlth    ..........             z - amulet "Vuadwef" {*Corrode rC++ Regen+}
HPRegen  0.32/turn              v - ring of protection from magic
MPRegen  0.18/turn              S - +4 ring of evasion

@: berserk cooldown, slowed, very slow
A: antennae 1, repulsion field 1, molten scales 1
a: Minor Destruction, Lesser Servant of Makhleb, Major Destruction, Greater
Servant of Makhleb, Renounce Religion


You were in a Gauntlet.
You worshipped Makhleb.
Makhleb was exalted by your worship.
You were not hungry.

You visited 3 branches of the dungeon, and saw 20 of its levels.
You also visited: Bailey and Gauntlet.

You collected 1515 gold pieces.
You spent 1152 gold pieces at shops.

Inventory:

Hand Weapons
 k - the +6 executioner's axe of Inquiry (weapon) {elec, *Drain rElec rC++}
   (You bought it in a shop on level 2 of the Orcish Mines)

   Occasionally, upon striking a foe, it will discharge some electrical energy
   and cause terrible harm.
   It greatly protects you from cold.
   It insulates you from electricity.
   It causes draining when unequipped.
Armour
 c - a +0 plate armour of positive energy (worn)
 p - a +1 scale mail of magic resistance
 w - a +0 pair of gloves (worn)
 A - a +0 plate armour
 U - a scarf of cloud immunity (worn)
 Y - a +1 hat (worn)
Jewellery
 a - an uncursed ring of protection from magic
 l - the amulet "Somoleer" {Acrobat rPois rN+++ MR- Int+3}
   (You found it in a Gauntlet)

   [amulet of the acrobat]

   It helps you evade while moving and waiting.
   It affects your intelligence (+3).
   It protects you from poison.
   It renders you almost immune to negative energy.
   It affects your resistance to hostile enchantments.
 r - an uncursed amulet of regeneration
 s - an uncursed ring of poison resistance
 v - a ring of protection from magic (left hand)
 y - an uncursed amulet of guardian spirit
 z - the amulet "Vuadwef" (around neck) {*Corrode rC++ Regen+}
   (You found it in a Gauntlet)

   [amulet of regeneration]

   It greatly protects you from cold.
   It increases your rate of regeneration.
   It may corrode you when you take damage.
 S - a +4 ring of evasion (right hand)
Wands
 u - a wand of polymorph (33)
 x - a wand of iceblast (18)
 H - a wand of paralysis (30)
 P - a wand of clouds (8)
 V - a wand of disintegration (9)
 X - a wand of flame (54)
Scrolls
 b - 2 scrolls of brand weapon
 e - 7 scrolls of teleportation
 g - 4 scrolls of remove curse
 i - a scroll of identify
 n - 3 scrolls of amnesia
 o - a scroll of fear
 t - a scroll of fog
 D - a scroll of magic mapping
 G - 2 scrolls of enchant weapon
 R - 2 scrolls of silence
 Z - a scroll of blinking
Potions
 d - 2 potions of might
 f - a potion of cancellation {unknown}
 h - 3 potions of haste
 j - 2 potions of heal wounds
 m - 2 potions of brilliance
 q - a potion of flight
 B - 5 potions of curing
 C - a potion of ambrosia
 E - 2 potions of mutation
 J - a potion of magic
 K - a potion of experience {unknown}
 L - 2 potions of agility
 M - a potion of berserk rage
Miscellaneous
 I - a lamp of fire
Comestibles
 F - 20 rations


   Skills:
 - Level 13.1 Fighting
 + Level 23.8 Axes
 - Level 10.6 Armour
   Level 3.2 Shields
 - Level 10.1 Invocations


You had 14 spell levels left.
You didn't know any spells.
Your spell library contained the following spells:

 Spells                   Type           Power        Failure   Level  Hunger
 Confusing Touch          Hex            #.....       98%         1    ##.....
 Corona                   Hex            #......      98%         1    ##.....
 Ensorcelled Hibernation  Hex/Ice        #.....       99%         2    ###....
 Confuse                  Hex            #.......     100%        3    ####...
 Dazzling Spray           Conj/Hex       #.....       100%        3    ####...
 Gell's Gravitas          Tloc           #.........   100%        3    ####...
 Tukima's Dance           Hex            #.......     100%        3    ####...
 Petrify                  Tmut/Erth      #.......     100%        4    #####..
 Irradiate                Conj/Tmut      #.........   100%        5    ######.
 Metabolic Englaciation   Hex/Ice        #.........   100%        5    ######.
 Yara's Violent Unravell  Hex/Tmut       #.........   100%        5    ######.
 Hydra Form               Tmut           #.........   100%        6    #######
 Statue Form              Tmut/Erth      #........    100%        6    #######
 Dragon Form              Tmut           #.........   100%        7    #######


Dungeon Overview and Level Annotations

Branches:
Dungeon (12/15)            Temple (0/1) D:7            Lair (6/6) D:9
  Swamp (0/4) Lair:2        Snake (0/4) Lair:2        Slime (0/5) Lair:6
    Orc (2/2) D:11            Elf (0/3) Orc:2        Bailey (visited)
Gauntlet (1/1)

Altars:
Ashenzari
Cheibriados
Dithmenos
Fedhas
Makhleb
Nemelex Xobeh
Qazlal
Uskayaw
Vehumet
Yredelemnul
The Shining One
Beogh

Shops:
D:10 (   D:12 !   Orc:2 ??!***(%

Annotations:
Gauntlet 6 transporters


Innate Abilities, Weirdness & Mutations

You have a pair of small antennae on your head.
You are surrounded by a mild repulsion field. (EV +2)
You are partially covered in molten scales. (AC +2)


Message History

* * * LOW HITPOINT WARNING * * *
You hit the minotaur but do no damage.
The minotaur is heavily wounded.
The minotaur hits you with a +0 morningstar of crushing!
* * * LOW HITPOINT WARNING * * *
x2 The minotaur gores you but does no damage.
You feel much better.
The minotaur hits you with a +0 morningstar of crushing!
* * * LOW HITPOINT WARNING * * *
x2 The minotaur gores you.
* * * LOW HITPOINT WARNING * * *
You feel much better.
The minotaur hits you with a +0 morningstar of crushing!
* * * LOW HITPOINT WARNING * * *
x2 The minotaur barely misses you.
The minotaur blocks your attack.
The minotaur is heavily wounded.
The minotaur hits you with a +0 morningstar of crushing!!
* * * LOW HITPOINT WARNING * * *
You die...

#.........#..###
#..##.##..#..#
#.#..#..#.#..#####
#.#†©#..#.#..#≈8≈#
#..#####.©#..#...########
#.#..#..#)#..#.8........#
#.#..#..#.#..#...###.##.##
#Z.##.##..#..#.8.H.(....8#
#.........#..#..@#.#.....#
###########..#...#(#{########
............≈#.©.#..H#8.8[8[8
............∩#...###('......∩
............≈#.©.#...#8.8:8)8
###########..#(..#.#.########
#Y.#.#.#YY#..#.(.#.#.....#
#.#.P....Y#..#.8........8#
##.#.#.##Y#..#...###.##.##


You could see a minotaur and 2 death yaks.

Vanquished Creatures
  Gastronok (Lair:3)
  A death ooze (Gauntlet)
  3 hydras
  3 two-headed ogres
  2 death scarabs (Gauntlet)
  6 death yaks (Lair:5)
  6 orc high priests (Orc:2)
  The ghost of Winsalot the Basher, a novice HuGl of Okawaru (D:9)
  Urug (Lair:3)
  A spectral catoblepas (Gauntlet)
  An unseen horror (D:12)
  A spectral hydra (Gauntlet)
  An orc knight (Orc:1)
  The ghost of Delamore the Cleaver, a novice HOFi of Okawaru (D:6)
  An orange crystal statue (Gauntlet)
  An orc sorcerer (Orc:1)
  A cyclops (Orc:1)
  9 deep elf magi (Orc:1)
  5 elephants (Lair:5)
  2 black mambas (Lair:1)
  Psyche (D:8)
  A centaur zombie (D:12)
  9 spiny frogs
  2 rime drakes (Lair:2)
  3 komodo dragons
  A polar bear (Lair:5)
  4 trolls
  Grinder (D:3)
  A hornet (D:11)
  A spectral dream sheep (Gauntlet)
  8 hippogriffs
  17 blink frogs
  A dream sheep (Lair:1)
  Sigmund (D:6)
  A spriggan (D:12)
  A human (D:6)
  71 yaks
  A shadow (D:11)
  2 wyverns
  A hungry ghost (D:10)
  An insubstantial wisp (Lair:2)
  4 nagas (Lair:2)
  Edmund (D:6)
  7 wargs
  9 water moccasins
  5 porcupines
  26 orc warriors
  A necrophage (D:11)
  2 ice beasts
  A black bear (D:7)
  2 phantoms
  3 sky beasts
  11 ogres
  9 centaurs
  5 crocodiles
  2 big kobolds
  A gnoll sergeant (D:4)
  15 bullfrogs
  A water moccasin zombie (D:5)
  2 wyvern skeletons
  3 scorpions
  8 wights
  5 electric eels
  7 howler monkeys
  10 crimson imps
  A bullfrog zombie (D:12)
  4 hounds
  A jelly (D:9)
  42 orc priests
  3 iguanas
  27 orc wizards
  2 centaur skeletons
  11 worker ants
  A killer bee zombie (D:7)
  A hound skeleton (D:4)
  A howler monkey zombie (D:5)
  A worker ant zombie (D:11)
  2 howler monkey skeletons
  12 adders
  22 gnolls
  2 shadow imps
  2 oozes
  An adder zombie (D:8)
  An adder skeleton (D:4)
  3 worms
  11 leopard geckos
  138 orcs
  10 bats
  4 giant cockroaches
  12 goblins
  24 hobgoblins
  12 jackals
  3 quokkas
  7 frilled lizards
  A goblin skeleton (D:6)
  28 kobolds
  2 kobold skeletons (D:6)
  A kobold zombie (D:6)
  A quokka skeleton (D:4)
  6 rats
  3 plants (Lair:1)
720 creatures vanquished.

Vanquished Creatures (collateral kills)
  An orc warlord (Orc:2)
  Sonja (D:12)
  An orc knight (Orc:2)
  A deep elf mage (D:12)
  A cyclops (Orc:2)
  A manticore (D:12)
  3 trolls (Orc:2)
  7 orc warriors (Orc:2)
  An ogre (Orc:2)
  3 orc priests (Orc:2)
  2 orc wizards (Orc:2)
  11 orcs
33 creatures vanquished.

Vanquished Creatures (others)
  An orc wizard (D:9)
  3 orcs
  A fungus (Lair:5)
  5 plants
10 creatures vanquished.

Grand Total: 763 creatures vanquished

Notes
Turn   | Place    | Note
-------+----------+-------------------------------------------
     0 | D:1      | Delamore the Hill Orc Fighter began the quest for the Orb.
     0 | D:1      | Reached XP level 1. HP: 19/19 MP: 1/1
    17 | D:1      | Reached skill level 3 in Axes
   109 | D:1      | Reached XP level 2. HP: 10/26 MP: 2/2
   321 | D:1      | Reached skill level 4 in Axes
   436 | D:1      | Reached XP level 3. HP: 22/31 MP: 3/3
   923 | D:2      | Reached skill level 5 in Axes
  1145 | D:2      | Reached XP level 4. HP: 35/39 MP: 4/4
  1209 | D:2      | Found a faded altar of an unknown god.
  1285 | D:2      | Became a worshipper of Makhleb the Destroyer
  1285 | D:2      | Reached * piety under Makhleb
  1394 | D:3      | Reached skill level 6 in Axes
  1655 | D:3      | Reached XP level 5. HP: 34/45 MP: 5/5
  1809 | D:3      | Noticed Grinder
  1817 | D:3      | Reached skill level 7 in Axes
  1819 | D:3      | Killed Grinder
  1819 | D:3      | Reached skill level 8 in Axes
  1819 | D:3      | Reached XP level 6. HP: 49/51 MP: 6/6
  1928 | D:3      | Reached ** piety under Makhleb
  2315 | D:3      | Reached skill level 9 in Axes
  2472 | D:4      | Reached XP level 7. HP: 41/57 MP: 7/7
  2569 | D:4      | Reached skill level 10 in Axes
  3470 | D:5      | Entered Level 5 of the Dungeon
  3480 | D:5      | Reached skill level 11 in Axes
  3526 | D:4      | HP: 1/57 [worker ant (3)]
  3532 | D:4      | Reached XP level 8. HP: 48/64 MP: 8/8
  3539 | D:4      | Reached *** piety under Makhleb
  3938 | D:5      | Reached skill level 12 in Axes
  4140 | D:5      | Reached skill level 5 in Fighting
  4514 | D:6      | Noticed Edmund
  4535 | D:6      | Killed Edmund
  4817 | D:6      | Found a runed translucent door.
  4817 | D:6      | Noticed Delamore's ghost (novice HOFi)
  5039 | D:6      | Reached XP level 9. HP: 68/78 MP: 9/9
  5075 | D:6      | Reached skill level 13 in Axes
  5160 | D:6      | Found a runed translucent door.
  5164 | D:6      | Noticed Sigmund
  5181 | D:6      | Found a basalt altar of Yredelemnul.
  5190 | D:6      | Killed Sigmund
  5190 | D:6      | Reached **** piety under Makhleb
  5864 | D:7      | Reached skill level 14 in Axes
  5959 | D:7      | Found a blossoming altar of Fedhas.
  6096 | D:7      | Found a staircase to the Ecumenical Temple.
  6328 | D:8      | Noticed Psyche
  6337 | D:8      | Killed Psyche
  6337 | D:8      | Reached skill level 5 in Armour
  6337 | D:8      | Reached XP level 10. HP: 91/91 MP: 10/10
  6404 | D:8      | Got a crude bone ring
  6455 | D:8      | Identified the ring of Goidelon {rPois Int+7 Slay-6 Stlth+}
                  | (You found it on level 8 of the Dungeon)
  6785 | D:8      | Found a glowing golden altar of the Shining One.
  6824 | D:8      | Found a shadowy altar of Dithmenos.
  6824 | D:8      | Found a hide-covered altar of Uskayaw.
  6824 | D:8      | Found a basalt altar of Yredelemnul.
  6826 | D:8      | Found a radiant altar of Vehumet.
  6827 | D:8      | Found a shattered altar of Ashenzari.
  6828 | D:8      | Found a snail-covered altar of Cheibriados.
  6829 | D:8      | Found a sparkling altar of Nemelex Xobeh.
  6923 | D:8      | Reached ***** piety under Makhleb
  7111 | D:9      | Found a runed translucent door.
  7111 | D:9      | Noticed Winsalot's ghost (novice HuGl)
  7133 | D:9      | Reached skill level 10 in Fighting
  7151 | D:9      | Reached skill level 15 in Axes
  7206 | D:9      | Got a steaming dagger
  7275 | D:9      | Found a flagged portal.
  7284 | Bailey   | Entered a bailey
  7776 | D:9      | Found a staircase to the Lair.
  7820 | D:9      | Reached XP level 11. HP: 65/101 MP: 11/11
  8068 | D:9      | Noticed a two-headed ogre
  8078 | D:9      | Killed a two-headed ogre
  8388 | D:6      | Killed Delamore's ghost
  8485 | D:9      | Killed Winsalot's ghost
  8581 | D:10     | Entered Level 10 of the Dungeon
  8651 | D:10     | Reached skill level 16 in Axes
  9148 | D:10     | Found Zuicsef's Antique Weapon Boutique.
  9155 | D:10     | Identified the +5 dagger of Uhaqukoz {flame, rElec rF- rC+
                  | Dex+2} (You found it on level 9 of the Dungeon)
  9200 | D:10     | Reached skill level 1 in Invocations
  9615 | D:11     | Noticed a two-headed ogre
  9647 | D:10     | Reached ****** piety under Makhleb
  9672 | D:10     | Killed a two-headed ogre
  9740 | D:11     | Reached XP level 12. HP: 73/112 MP: 15/15
  9858 | D:11     | Reached skill level 5 in Invocations
  9884 | D:11     | Found a stormy altar of Qazlal.
 10825 | D:11     | Found a staircase to the Orcish Mines.
 10841 | Orc:1    | Entered Level 1 of the Orcish Mines
 11015 | Orc:1    | Reached skill level 10 in Armour
 11023 | Orc:1    | Found a roughly hewn altar of Beogh.
 11488 | Orc:1    | Reached skill level 17 in Axes
 11935 | Orc:2    | Entered Level 2 of the Orcish Mines
 11941 | Orc:2    | Noticed an orc warlord
 11952 | Orc:2    | Killed an orc warlord
 12037 | Orc:1    | Gained mutation: You have a pair of small horns on your
                  | head. [potion of mutation]
 12037 | Orc:1    | Gained mutation: You are robust. (+10% HP) [potion of
                  | mutation]
 12038 | Orc:1    | Lost mutation: You are robust. (+10% HP) [potion of
                  | mutation]
 12038 | Orc:1    | Lost mutation: You have a pair of small horns on your head.
                  | [potion of mutation]
 12038 | Orc:1    | Gained mutation: You are frail. (-10% HP) [potion of
                  | mutation]
 12038 | Orc:1    | Gained mutation: You tend to lose your temper in combat.
                  | [potion of mutation]
 12038 | Orc:1    | Gained mutation: Your spells are a little easier to cast,
                  | but a little less powerful. [potion of mutation]
 12038 | Orc:1    | Gained mutation: You are resistant to hostile enchantments.
                  | (MR+) [potion of mutation]
 12039 | Orc:1    | Lost mutation: You tend to lose your temper in combat.
                  | [potion of mutation]
 12039 | Orc:1    | Lost mutation: Your spells are a little easier to cast, but
                  | a little less powerful. [potion of mutation]
 12039 | Orc:1    | Lost mutation: You are frail. (-10% HP) [potion of
                  | mutation]
 12039 | Orc:1    | Gained mutation: You are highly resistant to hostile
                  | enchantments. (MR++) [potion of mutation]
 12039 | Orc:1    | Gained mutation: Armour fits poorly on your strangely
                  | shaped body. [potion of mutation]
 12039 | Orc:1    | Gained mutation: Your flesh is heat resistant. (rF+)
                  | [potion of mutation]
 12040 | Orc:1    | Lost mutation: Armour fits poorly on your strangely shaped
                  | body. [potion of mutation]
 12040 | Orc:1    | Lost mutation: You are highly resistant to hostile
                  | enchantments. (MR++) [potion of mutation]
 12040 | Orc:1    | Lost mutation: Your flesh is heat resistant. (rF+) [potion
                  | of mutation]
 12040 | Orc:1    | Gained mutation: Your body sometimes deteriorates upon
                  | taking damage. [potion of mutation]
 12040 | Orc:1    | Lost mutation: You are resistant to hostile enchantments.
                  | (MR+) [potion of mutation]
 12040 | Orc:1    | Gained mutation: You occasionally shout uncontrollably at
                  | your foes. [potion of mutation]
 12040 | Orc:1    | Gained mutation: You are agile. (Dex +2) [potion of
                  | mutation]
 12041 | Orc:1    | Lost mutation: You are agile. (Dex +2) [potion of mutation]
 12041 | Orc:1    | Lost mutation: You occasionally shout uncontrollably at
                  | your foes. [potion of mutation]
 12041 | Orc:1    | Lost mutation: Your body sometimes deteriorates upon taking
                  | damage. [potion of mutation]
 12041 | Orc:1    | Gained mutation: You have a pair of small antennae on your
                  | head. [potion of mutation]
 12041 | Orc:1    | Gained mutation: You evolve. [potion of mutation]
 12042 | Orc:1    | Lost mutation: You evolve. [potion of mutation]
 12042 | Orc:1    | Gained mutation: You are partially covered in molten
                  | scales. (AC +2) [potion of mutation]
 12042 | Orc:1    | Gained mutation: You are surrounded by a mild repulsion
                  | field. (EV +2) [potion of mutation]
 12063 | Orc:1    | HP: 4/115 [troll[an orc warlord] (12)]
 12323 | Orc:2    | Found Faapunk's Weapon Shoppe.
 12343 | Orc:2    | Found Pydi's Food Boutique.
 12363 | Orc:2    | Reached XP level 13. HP: 57/122 MP: 20/20
 12580 | Orc:2    | Found Racyik's General Store.
 12587 | Orc:2    | Bought a scroll of identify for 24 gold pieces
 12587 | Orc:2    | Bought a scroll of identify for 24 gold pieces
 12610 | Orc:2    | Found Wicoetokh's Magic Scroll Boutique.
 12611 | Orc:2    | Found a staircase to the Elven Halls.
 12638 | Orc:2    | Reached skill level 10 in Invocations
 12762 | Orc:2    | Bought the +6 executioner's axe of Inquiry {elec, *Drain
                  | rElec rC++} for 809 gold pieces
 13323 | Orc:2    | Found Ociwn's Assorted Antiques.
 13323 | Orc:2    | Found Uzips's Assorted Antiques.
 13367 | Orc:2    | Reached skill level 18 in Axes
 13396 | Orc:2    | Bought a scroll of blinking for 172 gold pieces
 13396 | Orc:2    | Bought a scroll labeled CYALIRGH NOMAHE for 23 gold pieces
 13413 | Orc:2    | Found a roughly hewn altar of Beogh.
 13447 | Orc:2    | Found Liseaclu's Magic Scroll Boutique.
 13447 | Orc:2    | Found Etiesoc's Distillery.
 13477 | Orc:2    | Bought a scroll of identify for 30 gold pieces
 13738 | Orc:2    | HP: 5/122 [red devil/+0 trident[an orc high priest] (14)]
 14310 | Orc:1    | Reached skill level 19 in Axes
 14502 | D:12     | Noticed Sonja
 14511 | D:12     | Killed Sonja
 14619 | D:12     | Found Fuig's Distillery.
 14626 | D:12     | Bought a potion of heal wounds for 70 gold pieces
 15491 | Lair:1   | Entered Level 1 of the Lair of Beasts
 15585 | Lair:1   | Reached skill level 20 in Axes
 15864 | Lair:1   | Reached XP level 14. HP: 104/129 MP: 21/21
 16604 | Lair:2   | Reached skill level 21 in Axes
 16615 | Lair:2   | Found a staircase to the Snake Pit.
 17149 | Lair:2   | Found a staircase to the Swamp.
 17886 | Lair:3   | Noticed Urug
 17903 | Lair:3   | Killed Urug
 18349 | Lair:3   | Noticed Gastronok
 18370 | Lair:3   | Killed Gastronok
 18370 | Lair:3   | Reached skill level 22 in Axes
 19482 | Lair:5   | Reached skill level 23 in Axes
 19590 | Lair:5   | Got a polished cloak
 19601 | Lair:5   | Identified the +1 cloak of the Immovable Eyes {Dex+2
                  | Stlth+} (You found it on level 5 of the Lair of Beasts)
 19627 | Lair:5   | Reached XP level 15. HP: 135/135 MP: 22/22
 19832 | Lair:6   | Entered Level 6 of the Lair of Beasts
 19880 | Lair:6   | Found a gate leading to a gauntlet.
 19886 | Gauntlet | Entered a Gauntlet
 19886 | Gauntlet | Found a transporter.
 19886 | Gauntlet | Found a transporter.
 19886 | Gauntlet | Found a transporter.
 19887 | Gauntlet | Found a transporter.
 19893 | Gauntlet | Found a transporter.
 19911 | Gauntlet | Found a transporter.
 19912 | Gauntlet | Noticed a balrug
 19915 | Gauntlet | Found a transporter.
 19931 | Gauntlet | Found a transporter.
 19955 | Gauntlet | Found a transporter.
 19973 | Gauntlet | Found a transporter.
 19977 | Gauntlet | Found a transporter.
 19987 | Gauntlet | Found a transporter.
 20181 | Gauntlet | Got a vibrating emerald amulet
 20189 | Gauntlet | Identified the amulet "Somoleer" {Acrobat rPois rN+++ MR-
                  | Int+3} (You found it in a Gauntlet)
 20222 | Gauntlet | Got a scorched silver amulet
 20224 | Gauntlet | Identified the amulet "Vuadwef" {*Corrode rC++ Regen+} (You
                  | found it in a Gauntlet)
 20271 | Gauntlet | HP: 6/135 [minotaur/+0 morningstar of crushing (3)]
 20274 | Gauntlet | Slain by a minotaur

Levels and vault maps discovered:
D:1:      ncdulo_lavacross, layout_basic, grunt_decor_one_mirror,
          minmay_bisected
D:2:      layout_loops_ring, serial_co_window_serial, co_window_paths_a,
          co_window_of_opportunity_a, co_window_paths_a,
          co_window_of_opportunity_a, co_window_paths_b, co_window_cross_4,
          co_window_2corner, co_window_broadway_c, glass_columns_a,
          chequers_ecumenical_altar_lobes, minmay_misc_feat_doors
D:3:      layout_basic, minmay_distorted, uniq_grinder
D:4:      layout_basic, first_ration
D:5:      layout_basic, grunt_decor_cap, kennysheep_opposing_triangles
D:6:      layout_basic, hellmonk_ghost_happy_afterlife, dk_yredelemnul_ordeal,
          uniq_edmund, uniq_sigmund
D:7:      layout_cave_pools, minmay_temple_entry_enclosed_plants, serial_park,
          serial_park_tiny_2, serial_park_square1 [serial_park_minivault_5x5_7],
          basic_altar
D:8:      layout_loops_cross, minitemple, uniq_psyche
D:9:      layout_basic, erik_lair_orcish_takeover,
          hellmonk_ghost_happy_afterlife, enter_bailey_2
D:10:     layout_gridville, serial_shops, shop
D:11:     layout_irregular_city, erik_orc_2, basic_altar
D:12:     layout_irregular_city, serial_column_ruins, column_ruins_columns_T,
          column_ruins_open_small, column_ruins_grid_1,
          column_ruins_columns_corner, column_ruins_columns_straight,
          column_ruins_corridor_water, serial_shops, shop, the_bakery,
          nicolae_straight_to_the_point, uniq_sonja
Lair:1:   layout_loops_ring, wad_woods_river_01
Lair:2:   layout_layer_cave, minmay_swamp_entry_wisps,
          minmay_snake_entry_guardpost_small
Lair:3:   layout_chaotic_city, grunt_megastairs_1, uniq_urug, uniq_gastronok
Lair:4:   layout_hall_layers
Lair:5:   layout_small_grid, serial_bayou_shore_a
Lair:6:   gammafunk_lair_ancient_temple, layout_regular_city,
          nicolae_slime_entry_slimehenge, gauntlet_entry_generic,
          gammafunk_ghost_grave
Orc:1:    layout_diamond_mine, basic_altar, elves_outpost_lemuel
Orc:2:    st_orc_town, layout_diamond_mine, serial_shops, shop_fountains, shop,
          shop, shop
Gauntlet: gammafunk_gauntlet_hard_choice [gammafunk_gauntlet_arena_corners,
          nicolae_gauntlet_swirl, gammafunk_gauntlet_arena_crates,
          nicolae_gauntlet_arena_t_cross, gammafunk_gauntlet_arena_mazey,
          nicolae_gauntlet_arena_quarters,
          nicolae_gauntlet_exit_dead_adventurers]

Skill      XL: |  1  2  3  4  5  6  7  8  9 10 11 12 13 14 |
---------------+-------------------------------------------+-----
Axes           | 3 4 5 6 8 9 11 12 14 15 16 17 20 23 | 23.8
Fighting       | 6 9 10 12 13 | 13.1
Armour         | 5 7 9 10 | 10.6
Invocations    | 4 9 10 | 10.1
Shields        | |  3.2

Action                   |  1- 3 |  4- 6 |  7- 9 | 10-12 | 13-15 || total
-------------------------+-------+-------+-------+-------+-------++-------
Melee: War axe           |   105 |   142 |   446 |   643 |   123 ||  1459
       Hand axe          |       |       |       |   213 |       ||   213
       Battleaxe         |       |       |       |    47 |       ||    47
       Broad axe         |       |       |       |       |   465 ||   465
       Executioner's axe |       |       |       |       |   205 ||   205
Throw: Javelin           |       |       |     5 |       |     4 ||     9
       Dart              |       |       |       |       |     2 ||     2
Invok: Minor Destruction |       |       |       |     4 |    25 ||    29
       Major Destruction |       |       |       |     3 |     4 ||     7
       Greater Servant o |       |       |       |     2 |     1 ||     3
Evoke: Lamp of fire      |       |       |       |     1 |       ||     1
       Wand              |       |       |       |       |     1 ||     1
  Use: Potion            |       |       |     5 |    11 |     6 ||    22
       Scroll            |       |       |     7 |     9 |    14 ||    30
 Stab: Distracted        |       |       |       |     1 |       ||     1
  Eat: Chunk             |     1 |     4 |    13 |    23 |    24 ||    65
       Ration            |       |       |       |       |     1 ||     1
Armor: Scale mail        |    45 |    53 |   159 |   247 |       ||   504
       Plate armour      |       |       |       |     3 |   366 ||   369
Dodge: Dodged            |    35 |    43 |   121 |   203 |   288 ||   690
Block: Shield            |    47 |    79 |   215 |   289 |       ||   630
